 Dungeon Crawl Stone Soup version 0.23.1 (webtiles) character file.

Game seed: 11538423821733868326

113 misha the Poker (level 4, -1/38 HPs)
             Began as a Merfolk Berserker on Mar 3, 2019.
             Was a Believer of Trog.
             Slain by a hobgoblin
             ... wielding a cursed +0 club
              (3 damage)
             ... on level 3 of the Dungeon.
             The game lasted 00:04:37 (2503 turns).

misha the Poker (Merfolk Berserker)                 Turns: 2503, Time: 00:04:38

Health: -1/38      AC:  3    Str: 17    XL:     4   Next: 96%
Magic:  4/4        EV: 13    Int:  6    God:    Trog [**....]
Gold:   102        SH:  0    Dex: 14    Spells: 3/3 levels left

rFire    . . .     SeeInvis .   a - +0 spear
rCold    + . .     Gourm    .   (no shield)
rNeg     . . .     Faith    .   k - +0 robe {rC+}
rPois    .         Spirit   .   (no helmet)
rElec    .         Reflect  .   (no cloak)
rCorr    .         Harm     .   l - +0 pair of gloves
MR       .....                  (no boots)
Stlth    +.........             (no amulet)
HPRegen  0.12/turn              (no ring)
MPRegen  0.09/turn              (no ring)

@: lethally poisoned (-1 -> -7)
A: change form in water, swift swim, stealthy swim
a: Berserk, Trog's Hand, Renounce Religion


You were on level 3 of the Dungeon.
You worshipped Trog.
Trog was pleased with you.
You were hungry.

You visited 1 branch of the dungeon, and saw 3 of its levels.

You collected 102 gold pieces.

Inventory:

Hand Weapons
 a - a +0 spear (weapon)
Missiles
 e - 5 curare-tipped needles
 n - 5 javelins (quivered)
 o - 146 stones
 p - 6 tomahawks
Armour
 b - a +0 animal skin
 k - a +0 robe of cold resistance (worn)
 l - a +0 pair of gloves (worn)
Scrolls
 d - 3 scrolls of identify {unknown}
 j - a scroll of enchant armour {unknown}
 m - a scroll of enchant weapon {unknown}
Potions
 f - a potion of cancellation {unknown}
 g - a potion of heal wounds {unknown}
 h - 3 potions of berserk rage {unknown}
 i - 2 potions of curing {unknown}
Comestibles
 c - 7 rations


   Skills:
 + Level 4.3 Fighting
 * Level 7.0 Polearms
 - Level 1.4 Armour
 - Level 2.7 Dodging


You had 3 spell levels left.
You didn't know any spells.
Your spell library was empty.

Dungeon Overview and Level Annotations

Branches:
Dungeon (3/15)

Altars:
Dithmenos


Message History

* * * LOW HITPOINT WARNING * * *
You feel sick. The adder closely misses you.
You miss the adder.
The adder is almost dead.
* * * LOW HITPOINT WARNING * * *
You feel sick. The adder misses you.
You hit the adder.
You kill the adder!
Trog accepts your kill.
Your Polearms skill increases to level 7!
The hobgoblin throws a tomahawk.
The tomahawk barely misses you.
* * * LOW HITPOINT WARNING * * *
You feel sick. The hobgoblin barely misses you.
You see here a worker ant corpse.
You completely miss the hobgoblin. You hit the hobgoblin but do no damage.
* * * LOW HITPOINT WARNING * * *
You feel sick.
The hobgoblin hits you with a cursed +0 club.
You die...

#.......#.# #........##.
#(......#.###......g.'..
####..###..##........##.
#..# ##.# #..<.......
....# #.# #.#(..####
###+## #.# #.#......#
#.# #.#......# #.#
#g#..#.#.#
#.###@#......#
#..##.#..#.#...
##.##.##.....#. #..#.#
###### ######.#.#
#......#.#
#########.......(#
.................####
########.###....>...#


You could see a hobgoblin.

Vanquished Creatures
  A worker ant (D:3)
  3 adders
  3 dart slugs
  A worm (D:2)
  5 leopard geckos
  A giant cockroach (D:2)
  11 goblins
  4 hobgoblins
  2 jackals (D:3)
  4 kobolds
  A quokka (D:2)
  2 ball pythons (D:2)
  4 bats (D:1)
  2 frilled lizards (D:1)
  7 rats
51 creatures vanquished.

Notes
Turn   | Place    | Note
-------+----------+-------------------------------------------
     0 | D:1      | misha the Merfolk Berserker began the quest for the Orb.
     0 | D:1      | Reached XP level 1. HP: 18/18 MP: 1/1
   108 | D:1      | Reached XP level 2. HP: 16/24 MP: 2/2
   219 | D:1      | Reached skill level 5 in Polearms
   642 | D:1      | Reached XP level 3. HP: 27/30 MP: 3/3
  1002 | D:2      | Reached ** piety under Trog
  1005 | D:2      | Found a shadowy altar of Dithmenos.
  1011 | D:2      | Reached skill level 6 in Polearms
  1018 | D:2      | Reached XP level 4. HP: 20/37 MP: 4/4
  2500 | D:3      | Reached skill level 7 in Polearms
  2503 | D:3      | Slain by a hobgoblin

Skill      XL: |  1  2  3  4 |
---------------+-------------+-----
Polearms       | 5 6 7 |  7.0
Fighting       | 4 |  4.3
Armour         | |  1.4
Dodging        | |  2.7

Action                   |  1- 3 |  4- 6 || total
-------------------------+-------+-------++-------
Melee: Spear             |    91 |    93 ||   184
Invok: Berserk           |     1 |       ||     1
 Stab: Sleeping          |     2 |     1 ||     3
  Eat: Chunk             |       |     5 ||     5
Armor: Animal skin       |    13 |     3 ||    16
       Robe              |       |     6 ||     6
Dodge: Dodged            |    53 |    49 ||   102
